 Dungeon Crawl Stone Soup version 0.27.1-34-g3ba077fa99 (webtiles) character file.

Game seed: 9137905045612323975

2 fishdoom the Grave Robber (level 1, 0/7 HPs)
             Began as a Felid Necromancer on Jan 21, 2022.
             Frozen to death by an endoplasm (3 damage)
             ... on level 1 of the Dungeon.
             The game lasted 00:00:40 (47 turns).

fishdoom the Grave Robber (Felid Necromancer)         Turns: 47, Time: 00:00:40

Health: 0/7        AC:  1    Str:  4    XL:     1   Next: 33%
Magic:  4/4        EV: 17    Int: 16    God:
Gold:   0          SH:  0    Dex: 16    Spells: 2/4 levels left
                                        Lives:  0   Deaths: 0

rFire    . . .     SeeInvis +   (weapon unavailable)
rCold    . . .     Faith    .   (shield unavailable)
rNeg     . . .     Spirit   .   (armour unavailable)
rPois    .         Reflect  .   (helmet unavailable)
rElec    .         Harm     .   (cloak unavailable)
rCorr    .         Rampage  .   (gloves unavailable)
Will     .....                  (boots unavailable)
Stlth    ++........             (no amulet)
HPRegen  0.02/turn              (no ring)
MPRegen  0.09/turn              (no ring)

@: quick
A: very small, claws 1, fangs 3, see invisible, speed 1, shaggy fur 1, stealthy
paws, no weapons or thrown items, no armour, multi-lived
a: no special abilities


You were on level 1 of the Dungeon.
You visited 1 branch of the dungeon, and saw 1 of its levels.

You aren't carrying anything.


   Skills:
 + Level 2.6 Dodging
 * Level 2.6 Stealth
 * Level 2.1 Spellcasting
 * Level 4.0 Necromancy


You had 2 spell levels left.
You knew the following spells:

 Your Spells              Type           Power      Damage    Failure   Level
a - Pain                  Necr           56%        1d6       3%          1
b - Animate Skeleton      Necr           28%        N/A       3%          1

Your spell library contained the following spells:

 Spells                   Type           Power      Damage    Failure   Level
 Vampiric Draining        Necr           7%         2d7       12%         3
 Animate Dead             Necr           7%         N/A       36%         4
 Agony                    Necr           14%        N/A       71%         5


Dungeon Overview and Level Annotations

Branches:
Dungeon (1/15)

Altars:


Innate Abilities, Weirdness & Mutations

You have sharp claws.
You have razor-sharp teeth.
You have supernaturally acute eyesight. (SInv)
You cover ground quickly. (Speed+)
You are covered in fur. (AC +1)
Your paws help you pounce on unaware monsters.
You are incapable of wielding weapons or throwing items.
You cannot wear armour.
You gain extra lives every three experience levels.


Message History

Press ? for a list of commands and other information.
Found a staircase leading out of the dungeon.
Memorise Animate Skeleton, consuming 1 spell level and leaving 2?
You start memorising the spell.
You continue memorising.
You finish memorising.
Spell assigned to 'b'.
You open the door.
A ball python comes into view.
There is an open door here.
The helpless ball python fails to defend itself.
You claw the ball python!
You kill the ball python!
An endoplasm comes into view.
You pounce on the unaware helpless endoplasm!
You scratch the endoplasm.
You kill the endoplasm!
A bat and an endoplasm come into view.
The bat hits you.
Unknown command.
You miss the bat.
The endoplasm quivers.
The bat completely misses you. The bat hits you.
You miss the bat. The bat hits you. The bat misses you.
You miss the bat. The bat misses you. The bat barely misses you.
You closely miss the bat. The bat hits you but does no damage.
The bat closely misses you.
You scratch the endoplasm.
The endoplasm is moderately wounded.
The bat hits you.
You scratch the endoplasm.
The endoplasm is heavily wounded.
The bat misses you. The endoplasm closely misses you.
You barely miss the endoplasm.
The endoplasm is heavily wounded.
The bat closely misses you. The endoplasm freezes you.
You are frozen.
You die...

##########.......
#...............
#..............#
#####..............#
............##.....#
####'######..#.....#
.....## ##.#..b..# ###...#
#.#.....# . #.#.#.#
#.#..@..# .. #.##.##.#
#.#..J..# #.. .# #.# #.#
#.......# ..
#.##.####.###.####.##.#####
#..<......+..# #.........
###.####..#... #.##.....#
#.# ###.# #.# ....# ##. ..
#.# .... # #.##.# ...


You could see an endoplasm and a bat.

Vanquished Creatures
  A ball python (D:1)
  An endoplasm (D:1)
2 creatures vanquished.

Notes
Turn   | Place    | Note
-------+----------+-------------------------------------------
     0 | D:1      | fishdoom the Felid Necromancer began the quest for the Orb.
     0 | D:1      | Reached XP level 1. HP: 7/7 MP: 4/4
     2 | D:1      | Learned a level 1 spell: Animate Skeleton
    47 | D:1      | Frozen to death by an endoplasm

Illustrated notes

Levels and vault maps discovered:
D:1:      roderic_octagonal_star, layout_basic

Action                   || total
-------------------------++-------
Melee: Unarmed           ||     9
 Stab: Sleeping          ||     2
Armor: Skin              ||     1
Dodge: Dodged            ||     8
